 Dungeon Crawl Stone Soup version 0.28-a0-706-gf6f64a616a (webtiles) character file.

Game seed: 17336264105618962629

1269 KoroneIsBestGirl the Skirmisher (level 8, -6/74 HPs)
             Began as a Barachi Fighter on Oct 24, 2021.
             Was a Believer of the Shining One.
             Mangled by an ice beast (12 damage)
             ... on level 7 of the Dungeon.
             The game lasted 00:07:18 (6439 turns).

KoroneIsBestGirl the Skirmisher (Barachi Fighter)   Turns: 6439, Time: 00:07:19

Health: -6/74      AC: 23    Str: 19    XL:     8   Next: 53%
Magic:  7/7        EV:  6    Int: 10    God:    the Shining One [**....]
Gold:   277        SH:  4    Dex: 11    Spells: 7/7 levels left

rFire   . . .      SeeInvis .   k - +3 dagger (protect)
rCold   . . .      Faith    .   c - +0 buckler
rNeg    + . .      Spirit   .   l - +0 plate armour
rPois   .          Reflect  .   (no helmet)
rElec   .          Harm     .   h - +0 cloak
rCorr   .          Rampage  .   (no gloves)
Will    .....                   (no boots)
Stlth   ..........              (no amulet)
HPRegen 0.22/turn               (no ring)
MPRegen 0.10/turn               (no ring)

@: under a protective aura, unable to hop, glowing, slow
A: amphibious, slowness 1, strong legs 1, +LOS, iridescent scales 1, low mp 1,
robust 1
a: Hop, Renounce Religion, Divine Shield


You were on level 7 of the Dungeon.
You worshipped the Shining One.
The Shining One was pleased with you.
You visited 2 branches of the dungeon, and saw 8 of its levels.

You collected 277 gold pieces.

Inventory:

Hand Weapons
 a - a +0 long sword
 k - a +3 dagger of protection (weapon)
Armour
 b - a +0 scale mail
 c - a +0 buckler (worn)
 h - a +0 cloak (worn)
 l - a +0 plate armour (worn)
Wands
 s - a wand of iceblast (7)
Scrolls
 d - a scroll of magic mapping
 e - a scroll of immolation
 f - 6 scrolls of teleportation
 j - 2 scrolls of enchant armour
 m - a scroll of holy word
 o - 2 scrolls of enchant weapon
 p - a scroll of silence {unknown}
 r - a scroll of vulnerability
Potions
 i - a potion of brilliance
 n - 3 potions of lignification {unknown}
 q - a potion of attraction {unknown}


   Skills:
 + Level 7.8 Fighting
 + Level 7.1 Long Blades
 + Level 7.6 Armour
 - Level 4.0 Shields


You had 7 spell levels left.
You didn't know any spells.
Your spell library contained the following spells:

 Spells                   Type           Power      Damage    Failure   Level
 Ignite Poison            Fire/Tmut/Pois 0%         N/A       100%        3
 Mephitic Cloud           Conj/Pois/Air  0%         N/A       100%        3
 Ozocubu's Armour         Ice            0%         N/A       100%        3
 Summon Guardian Golem    Hex/Summ       0%         N/A       100%        3
 Tukima's Dance           Hex            0%         N/A       100%        3
 Passage of Golubria      Tloc           0%         N/A       100%        4
 Freezing Cloud           Conj/Ice/Air   0%         6-21      100%        5
 Yara's Violent Unravell  Hex/Tmut       0%         3d3       100%        5
 Orb of Destruction       Conj           0%         N/A       100%        7
 Ozocubu's Refrigeration  Ice            0%         4d5       100%        7
 Spellforged Servitor     Conj/Summ      0%         N/A       100%        7


Dungeon Overview and Level Annotations

Branches:
Dungeon (7/15)             Temple (1/1) D:5

Altars:
Cheibriados
Dithmenos
Elyvilon
Kikubaaqudgha
Nemelex Xobeh
Trog
Xom
Zin
The Shining One
Lugonu

Shops:
D:3 =


Innate Abilities, Weirdness & Mutations

You are amphibious.
You cover ground slowly.
You can hop short distances.
You have an extended range of vision and can be seen from far away.
You are partially covered in iridescent scales. (AC +2)
Your magical capacity is low. (-10% MP)
You are robust. (+10% HP)


Message History

The water moccasin closely misses you.
Your surroundings seem slightly different.
Found 5 datura-tipped darts.
You hit the centaur skeleton.
Your weapon exudes an aura of protection.
The centaur skeleton is lightly damaged.
The centaur skeleton hits you but does no damage.
The centaur skeleton kicks you but does no damage.
You hit the centaur skeleton.
The centaur skeleton is lightly damaged.
The centaur skeleton barely misses you.
The centaur skeleton kicks you but does no damage.
You hit the centaur skeleton.
The centaur skeleton is moderately damaged.
Your plate armour prevents you from hitting the ice beast.
You hit the ice beast but do no damage.
The ice beast hits you but does no damage.
You hit the ice beast.
The ice beast is lightly wounded.
The ice beast hits you but does no damage.
You hit the ice beast but do no damage.
The ice beast is lightly wounded.
The ice beast barely misses you.
You hit the ice beast.
The ice beast is lightly wounded.
You completely miss the ice beast.
The ice beast is lightly wounded.
The ice beast hits you but does no damage.
You hit the ice beast but do no damage.
The ice beast is lightly wounded.
The ice beast hits you but does no damage.
You hit the ice beast.
The ice beast is moderately wounded.
The ice beast hits you but does no damage.
You hit the ice beast.
The ice beast is moderately wounded.
The ice beast hits you.
* * * LOW HITPOINT WARNING * * *
The ice beast freezes you!
You die...

(...
......5...........#
.....#.#.#.#.#...#..###
.......)<....#$# ##
...#.#.#.#.#####
#.........# ##.#.#.#.##
#.S5......# ##Y#.#.#.##
#@##..... #......##
#####..# ###


You could see a water moccasin, an ice beast and a shadow imp.

Vanquished Creatures
  Edmund (D:4)
  A sky beast (D:6)
  2 ogres (D:5)
  A centaur (D:6)
  A phantom (D:5)
  2 scorpions (D:6)
  A howler monkey (D:5)
  2 centaur zombies (D:5)
  A jelly (D:5)
  An orc priest (D:3)
  A gnoll shaman (D:6)
  2 bullfrog skeletons (D:5)
  Crazy Yiuf (D:3)
  Jessica (D:2)
  Terence (D:3)
  4 iguanas
  Robin (D:2)
  A gnoll (D:7)
  4 adders
  A shadow imp (D:5)
  An adder skeleton (D:4)
  4 worms
  8 orcs
  6 endoplasms
  3 giant cockroaches
  24 goblins
  9 hobgoblins
  9 kobolds
  2 quokkas (D:1)
  6 ball pythons
  7 bats
  5 frilled lizards
  12 rats
126 creatures vanquished.

Notes
Turn   | Place    | Note
-------+----------+-------------------------------------------
     0 | D:1      | KoroneIsBestGirl the Barachi Fighter began the quest for
                  | the Orb.
     0 | D:1      | Reached XP level 1. HP: 18/18 MP: 1/1
   242 | D:1      | Reached XP level 2. HP: 20/25 MP: 2/2
   844 | D:1      | Reached XP level 3. HP: 17/30 MP: 3/3
  1354 | D:2      | Noticed Jessica
  1360 | D:2      | Killed Jessica
  1361 | D:2      | Reached XP level 4. HP: 28/38 MP: 4/4
  1606 | D:2      | Noticed Robin
  1643 | D:2      | Killed Robin
  1966 | D:2      | Reached XP level 5. HP: 34/43 MP: 5/5
  2756 | D:3      | Noticed Terence
  2769 | D:3      | Killed Terence
  2775 | D:3      | Reached skill level 5 in Fighting
  2778 | D:3      | Reached skill level 5 in Armour
  2961 | D:3      | Found a runed translucent door.
  2962 | D:3      | Noticed Crazy Yiuf
  2972 | D:3      | HP: 2/44 [Crazy Yiuf (7)]
  2973 | D:3      | Killed Crazy Yiuf
  2974 | D:3      | Reached XP level 6. HP: 3/51 MP: 6/6
  3347 | D:3      | HP: 1/51 [iguana (4)]
  3671 | D:3      | Found a faded altar of an unknown god.
  3683 | D:3      | Prayed at the altar of an unknown god.
  3683 | D:3      | Became a worshipper of the Shining One
  3683 | D:3      | Reached * piety under the Shining One
  3724 | D:3      | Found Oziekut's Jewellery Shop.
  4142 | D:4      | Found a shadowy altar of Dithmenos.
  4150 | D:4      | Noticed Edmund
  4192 | D:4      | Killed Edmund
  4193 | D:4      | Reached skill level 5 in Long Blades
  4517 | D:5      | Entered Level 5 of the Dungeon
  4536 | D:5      | Reached XP level 7. HP: 57/58 MP: 7/7
  5032 | D:5      | Found a bloodstained altar of Trog.
  5250 | D:5      | Found a staircase to the Ecumenical Temple.
  5331 | Temple   | Entered the Ecumenical Temple
  5581 | D:5      | Reached ** piety under the Shining One
  5595 | D:5      | Reached XP level 8. HP: 32/65 MP: 8/8
  5873 | D:5      | Found a shimmering altar of Xom.
  6403 | D:7      | Gained mutation: You are robust. (+10% HP) [potion of
                  | mutation]
  6403 | D:7      | Gained mutation: You are partially covered in iridescent
                  | scales. (AC +2) [potion of mutation]
  6403 | D:7      | Gained mutation: Your magical capacity is low. (-10% MP)
                  | [potion of mutation]
  6439 | D:7      | Mangled by an ice beast

Illustrated notes

Levels and vault maps discovered:
D:1:      co_arrival_square_in_a_square_in_a_square, layout_loops_cross,
          minmay_tetromino_t4
D:2:      layout_basic, kennysheep_nondescript, roderic_malta_cross,
          minmay_box_of_dots, uniq_robin, uniq_jessica
D:3:      layout_rooms, serial_shops, nicolae_shop_stone,
          hellmonk_ecumenical_altar_run_dry, uniq_terence,
          uniq_crazy_yiuf_cottage
D:4:      layout_rooms, lemuel_tele_altar, uniq_edmund
D:5:      layout_rooms, trog_butcher_becter, mainiacjoe_overflow_24_doors,
          minmay_temple_entry_offerings
D:6:      layout_loops_ring, nicolae_hepliaklqana_hippocampus,
          kennysheep_mini_moat, kennysheep_mini, general_overflow_altar,
          minmay_ogre_servants
D:7:      layout_cave_pools, serial_glass, glass_columns_a, glass_columns_b,
          st_stairs_9, chequers_garden
Temple:   corrupted_temple

Skill      XL: |  1  2  3  4  5  6  7  8 |
---------------+-------------------------+-----
Fighting       | 4 5 6 7 |  7.8
Armour         | 4 5 6 7 |  7.6
Shields        | 4 |  4.0
Long Blades    | 3 4 5 6 7 |  7.1

Action                   |  1- 3 |  4- 6 |  7- 9 || total
-------------------------+-------+-------+-------++-------
Melee: Long sword        |    95 |       |       ||    95
       Dagger            |    26 |   277 |   309 ||   612
 Abil: Hop               |       |     3 |     4 ||     7
  Use: Scroll            |     4 |     5 |     2 ||    11
       Potion            |       |     5 |     1 ||     6
Armor: Scale mail        |    62 |     8 |       ||    70
       Plate armour      |       |   144 |   199 ||   343
Dodge: Dodged            |    65 |    62 |    76 ||   203
Block: Buckler           |    32 |    58 |    60 ||   150

Table legend: (Time is in decaauts)
 A = Elapsed time spent in this place.
 B = Non-inter-level travel time spent in this place.
 C = Inter-level travel time spent in this place.
 D = Time resting spent in this place.
 E = Time spent auto-exploring this place.
 F = Levels seen in this place.
 G = Mean time per level.
                   A        B        C        D        E       F      G
               +--------+--------+--------+--------+--------+-----+--------+
         Total |   6895 |   6700 |    195 |    649 |   4901 |   8 |  861.9 |
       Dungeon |   6844 |   6662 |    182 |    649 |   4871 |   7 |  977.7 |
        Temple |     51 |     38 |     13 |      0 |     30 |   1 |   51.0 |
               +--------+--------+--------+--------+--------+-----+--------+

Top non-repeatable levels by time:
     D:2: 1506 daAuts
     D:1: 1373 daAuts
     D:3: 1358 daAuts
     D:5: 1153 daAuts
     D:4: 1059 daAuts
     D:6: 361 daAuts
  Temple: 51 daAuts
     D:7: 32 daAuts
